PCL
GRESHAM GOLD SOULS @ REDWOOD CITY REDWOODS
07/02/2024
 
TOP OF THE 1ST
Gresham Gold Souls batting - Pitching for Redwood City Redwoods : RHP Manny Maldonado
Pitching: RHP Manny Maldonado
Batting: RHB Jeff Thompson 0-0: Foul Ball, location: 2F
0-1: Swinging Strike
0-2: Foul Ball, location: 2F
0-2: Fly out, F9 (Line Drive, 9D)
Batting: LHB Salvador Ruíz 0-0: Called Strike
0-1: Foul Ball, location: 2F
0-2: Ball
1-2: Ball
2-2: Ground out 6-3 (Groundball, 6)
Batting: RHB Lorenzo Morín 0-0: Called Strike
0-1: Swinging Strike
0-2: Ball
1-2: Fly out, F7 (Line Drive, 7D)
Top of the 1st over - 0 run(s), 0 hit(s), 0 error(s), 0 left on base; Gresham 0 - Redwood City 0
BOTTOM OF THE 1ST
Redwood City Redwoods batting - Pitching for Gresham Gold Souls : RHP William Tagg
Pitching: RHP William Tagg
Batting: LHB Alfonso Montoya 0-0: Ball
1-0: SINGLE (Groundball, 6MD) (infield hit)
Batting: LHB Juan Hernández 0-0: Fly out, F9 (Flyball, 9LSF)
Batting: LHB Patrick Bright 0-0: Ball
Alfonso Montoya steals 2nd base
1-0: Called Strike
Throwing error on steal attempt, E2
Alfonso Montoya scores
1-1: Swinging Strike
1-2: Strikes out looking
Batting: RHB Edgardo Gonzáles 0-0: Ball
1-0: Ball
2-0: Ball
3-0: Called Strike
3-1: Foul Ball, location: 2F
3-2: Foul Ball, location: 2F
3-2: Foul Ball, location: 2F
Reached via error on a dropped throw, E3
Batting: LHB Vincente Sáenz 0-0: Called Strike
0-1: Foul Ball, location: 2F
0-2: Foul Ball, location: 2F
0-2: Ball
1-2: Ball
2-2: Ground out 5-3 (Groundball, 15S)
Bottom of the 1st over - 1 run(s), 1 hit(s), 2 error(s), 1 left on base; Gresham 0 - Redwood City 1
TOP OF THE 2ND
Gresham Gold Souls batting - Pitching for Redwood City Redwoods : RHP Manny Maldonado
Batting: RHB Lorenzo Guzmán 0-0: Called Strike
0-1: SOLO HOME RUN (Flyball, 9LD), Distance : 314 ft
Batting: RHB Claudio Guerra 0-0: Ground out 4-3 (Groundball, 34D)
Batting: RHB Pablo Lucero 0-0: Called Strike
0-1: Ball
1-1: Ball
2-1: Foul Ball, location: 2F
2-2: Strikes out swinging
Batting: SHB Sean Carr 0-0: Ball
1-0: Swinging Strike
1-1: Ball
2-1: Called Strike
2-2: Strikes out swinging
Top of the 2nd over - 1 run(s), 1 hit(s), 0 error(s), 0 left on base; Gresham 1 - Redwood City 1
BOTTOM OF THE 2ND
Redwood City Redwoods batting - Pitching for Gresham Gold Souls : RHP William Tagg
Batting: LHB Tony Warrilow 0-0: Ground out 4-3 (Groundball, 4)
Batting: RHB Anastasio García 0-0: Called Strike
0-1: Ground out 6-3 (Groundball, 6)
Batting: RHB Dan Martin 0-0: Ball
1-0: Called Strike
1-1: Ball
2-1: Ball
3-1: Foul Ball, location: 2F
3-2: Foul Ball, location: 2F
3-2: Foul Ball, location: 2F
3-2: SINGLE (Groundball, 6)
Batting: LHB Héctor Flores 0-0: Ball
Dan Martin is caught stealing 2nd base
Bottom of the 2nd over - 0 run(s), 1 hit(s), 0 error(s), 0 left on base; Gresham 1 - Redwood City 1
TOP OF THE 3RD
Gresham Gold Souls batting - Pitching for Redwood City Redwoods : RHP Manny Maldonado
Batting: RHB Pablo Castillo 0-0: Ball
1-0: Ball
2-0: Called Strike
2-1: Fly out, F6 (Line Drive, 6MS)
Batting: SHB Vicente Martínez 0-0: Called Strike
0-1: Ball
1-1: Called Strike
1-2: Ball
2-2: Strikes out swinging
Batting: RHB Jeff Thompson 0-0: Called Strike
0-1: Called Strike
0-2: Ball
1-2: Ground out 6-3 (Groundball, 6)
Top of the 3rd over - 0 run(s), 0 hit(s), 0 error(s), 0 left on base; Gresham 1 - Redwood City 1
BOTTOM OF THE 3RD
Redwood City Redwoods batting - Pitching for Gresham Gold Souls : RHP William Tagg
Batting: LHB Héctor Flores 0-0: Called Strike
0-1: Ground out 4-3 (Groundball, 34)
Batting: LHB Alfonso Montoya 0-0: Called Strike
0-1: Ground out 4-3 (Groundball, 4)
Batting: LHB Juan Hernández 0-0: Ground out 6-3 (Groundball, 6)
Bottom of the 3rd over - 0 run(s), 0 hit(s), 0 error(s), 0 left on base; Gresham 1 - Redwood City 1
TOP OF THE 4TH
Gresham Gold Souls batting - Pitching for Redwood City Redwoods : RHP Manny Maldonado
Batting: LHB Salvador Ruíz 0-0: Called Strike
0-1: Foul Ball, location: 2F
0-2: Foul Ball, location: 2F
0-2: Fly out, F7 (Flyball, 7S)
Batting: RHB Lorenzo Morín 0-0: Ball
1-0: Ball
2-0: Called Strike
2-1: SOLO HOME RUN (Flyball, 78XD), Distance : 414 ft
Batting: RHB Lorenzo Guzmán 0-0: Called Strike
0-1: Ground out 5-3 (Groundball, 56S)
Batting: RHB Claudio Guerra 0-0: Ball
1-0: Foul Ball, location: 2F
1-1: Ball
2-1: Ball
3-1: Ground out 5-3 (Groundball, 5L)
Top of the 4th over - 1 run(s), 1 hit(s), 0 error(s), 0 left on base; Gresham 2 - Redwood City 1
BOTTOM OF THE 4TH
Redwood City Redwoods batting - Pitching for Gresham Gold Souls : RHP William Tagg
Batting: LHB Patrick Bright 0-0: Ball
1-0: Foul Ball, location: 2F
1-1: SINGLE (Groundball, 34D)
Batting: RHB Edgardo Gonzáles 0-0: Ball
1-0: Ball
2-0: Called Strike
2-1: Ball
3-1: Grounds into double play, 6-4-3 (Groundball, 6)
Batting: LHB Vincente Sáenz 0-0: Ball
1-0: Ball
2-0: Called Strike
2-1: Ball
3-1: Base on Balls
Batting: LHB Tony Warrilow 0-0: Ball
1-0: Ball
2-0: Foul Ball, location: 2F
2-1: Ball
3-1: Base on Balls
Vincente Sáenz to second
Batting: RHB Anastasio García 0-0: Ball
1-0: Foul Ball, location: 2F
1-1: Ball
2-1: Ball
3-1: Called Strike
3-2: Foul Ball, location: 2F
3-2: Base on Balls
Vincente Sáenz to third
Tony Warrilow to second
Batting: RHB Dan Martin 0-0: Swinging Strike
0-1: Swinging Strike
0-2: Fly out, F4 (Popup, 4)
Bottom of the 4th over - 0 run(s), 1 hit(s), 0 error(s), 3 left on base; Gresham 2 - Redwood City 1
TOP OF THE 5TH
Gresham Gold Souls batting - Pitching for Redwood City Redwoods : RHP Manny Maldonado
Batting: RHB Pablo Lucero 0-0: Ball
1-0: Ball
2-0: Fly out, F3 (Line Drive, 34S)
Batting: SHB Sean Carr 0-0: Foul Ball, location: 2F
0-1: Ball
1-1: Foul Ball, location: 2F
1-2: Ground out U3 (Groundball, 3)
Batting: RHB Pablo Castillo 0-0: Ball
1-0: Called Strike
1-1: Ground out 4-3 (Groundball, 4)
Top of the 5th over - 0 run(s), 0 hit(s), 0 error(s), 0 left on base; Gresham 2 - Redwood City 1
BOTTOM OF THE 5TH
Redwood City Redwoods batting - Pitching for Gresham Gold Souls : RHP William Tagg
Batting: LHB Héctor Flores 0-0: SINGLE (Groundball, 4M)
Batting: LHB Alfonso Montoya 0-0: Called Strike
0-1: Foul Ball, location: 2F
0-2: Ball
1-2: SINGLE (Groundball, 6M)
Héctor Flores to second
Batting: LHB Juan Hernández 0-0: Fielders Choice at 2nd, 1-6 (Groundball, 13)
Héctor Flores to third
Batting: LHB Patrick Bright 0-0: Ball
1-0: Foul Ball, location: 2F
1-1: Reached on error, E6 (Groundball, 6M)
Héctor Flores scores
Juan Hernández to second
Batting: RHB Edgardo Gonzáles 0-0: Called Strike
0-1: Ball
1-1: Swinging Strike
1-2: Grounds into double play, 1-6-3 (Groundball, 25)
Bottom of the 5th over - 1 run(s), 2 hit(s), 1 error(s), 1 left on base; Gresham 2 - Redwood City 2
TOP OF THE 6TH
Gresham Gold Souls batting - Pitching for Redwood City Redwoods : RHP Manny Maldonado
Batting: SHB Vicente Martínez 0-0: Called Strike
0-1: Foul Ball, location: 2F
0-2: Ball
1-2: Ball
2-2: Ball
3-2: Foul Ball, location: 2F
3-2: Strikes out swinging
Batting: RHB Jeff Thompson 0-0: Called Strike
0-1: SINGLE (Groundball, 6MD)
Batting: LHB Salvador Ruíz 0-0: Ball
1-0: Ball
2-0: SINGLE (Line Drive, 6MD)
Jeff Thompson to second
Batting: RHB Lorenzo Morín 0-0: Ball
1-0: Ball
2-0: Fly out, F3 (Popup, 23F)
Batting: RHB Lorenzo Guzmán 0-0: Ball
1-0: Called Strike
1-1: Foul Ball, location: 2F
1-2: Foul Ball, location: 2F
1-2: Strikes out swinging
Top of the 6th over - 0 run(s), 2 hit(s), 0 error(s), 2 left on base; Gresham 2 - Redwood City 2
BOTTOM OF THE 6TH
Redwood City Redwoods batting - Pitching for Gresham Gold Souls : RHP William Tagg
Batting: LHB Vincente Sáenz 0-0: Ball
1-0: Called Strike
1-1: Ball
2-1: Fly out, F9 (Line Drive, 89D)
Batting: LHB Tony Warrilow 0-0: Ground out 4-3 (Groundball, 4)
Batting: RHB Anastasio García 0-0: Ball
1-0: Ball
2-0: Called Strike
2-1: SINGLE (Flyball, 8LS)
Batting: RHB Dan Martin 0-0: Foul Ball, location: 2F
0-1: Ball
1-1: Ball
2-1: Ball
3-1: SINGLE (Groundball, 56)
Anastasio García to second
Batting: LHB Héctor Flores 0-0: Called Strike
0-1: DOUBLE (Line Drive, 9LS)
Anastasio García scores
Dan Martin to third
Runner from 3rd tries for Home, SAFE, no throw or cutoff
Batting: LHB Alfonso Montoya 0-0: Ball
1-0: Ball
2-0: Called Strike
2-1: Called Strike
2-2: Ground out 4-3 (Groundball, 4)
Bottom of the 6th over - 2 run(s), 3 hit(s), 0 error(s), 1 left on base; Gresham 2 - Redwood City 4
TOP OF THE 7TH
Gresham Gold Souls batting - Pitching for Redwood City Redwoods : RHP Manny Maldonado
Batting: RHB Claudio Guerra 0-0: Ball
1-0: Ball
2-0: Ball
3-0: Called Strike
3-1: Swinging Strike
3-2: Base on Balls
Batting: RHB Pablo Lucero 0-0: TRIPLE (Line Drive, 7LS)
Claudio Guerra scores
Batting: SHB Sean Carr 0-0: Ball
1-0: Swinging Strike
1-1: Called Strike
1-2: Strikes out swinging
Pinch Hitting: SHB Ryu Kichida 0-0: Foul Ball, location: 2F
0-1: SINGLE (Groundball, 34D)
Pablo Lucero scores
Batting: SHB Vicente Martínez 0-0: 2-RUN HOME RUN (Flyball, 89XD), Distance : 387 ft
Batting: RHB Jeff Thompson 0-0: Called Strike
0-1: Foul Ball, location: 2F
0-2: Ball
1-2: Ball
2-2: Foul Ball, location: 2F
2-2: Foul Ball, location: 2F
2-2: SINGLE (Line Drive, 34D)
Pitching: LHP Haywood Brown
Batting: LHB Salvador Ruíz 0-0: Called Strike
0-1: Ball
1-1: Ball
2-1: Ball
3-1: Foul Ball, location: 2F
3-2: Base on Balls
Jeff Thompson to second
Pitching: RHP Jim Williams
Batting: RHB Lorenzo Morín 0-0: Called Strike
0-1: Foul Ball, location: 2F
0-2: Ball
1-2: Fly out, F7 (Line Drive, 7M)
Batting: RHB Lorenzo Guzmán 0-0: Called Strike
0-1: Called Strike
0-2: DOUBLE (Flyball, 8RD)
Jeff Thompson scores
Salvador Ruíz to third
Batting: RHB Claudio Guerra Balk!
Salvador Ruíz scores
Lorenzo Guzmán to third
0-0: Ball
1-0: Called Strike
1-1: Fly out, F4 (Line Drive, 4)
Top of the 7th over - 6 run(s), 5 hit(s), 0 error(s), 1 left on base; Gresham 8 - Redwood City 4
BOTTOM OF THE 7TH
Redwood City Redwoods batting - Pitching for Gresham Gold Souls : RHP William Tagg
Pitching: RHP John Bowden
Now at 2B: Ryu Kichida
Batting: LHB Juan Hernández 0-0: Ball
1-0: Called Strike
1-1: Foul Ball, location: 2F
1-2: Strikes out swinging
Batting: LHB Patrick Bright 0-0: Ball
1-0: Ball
2-0: Ball
3-0: SINGLE (Flyball, 7LS)
Batting: RHB Edgardo Gonzáles 0-0: Called Strike
0-1: Ball
1-1: Foul Ball, location: 2F
1-2: Strikes out swinging
Batting: LHB Vincente Sáenz 0-0: Ball
1-0: Called Strike
1-1: Ball
2-1: Swinging Strike
2-2: Foul Ball, location: 2F
2-2: Foul Ball, location: 2F
2-2: Strikes out swinging
Bottom of the 7th over - 0 run(s), 1 hit(s), 0 error(s), 1 left on base; Gresham 8 - Redwood City 4
TOP OF THE 8TH
Gresham Gold Souls batting - Pitching for Redwood City Redwoods : RHP Jim Williams
Batting: RHB Pablo Lucero 0-0: Ball
1-0: Ball
2-0: Ball
3-0: Base on Balls
Batting: SHB Sean Carr 0-0: Foul Ball, location: 2F
0-1: Called Strike
0-2: Ball
1-2: DOUBLE (Line Drive, 8LM)
Pablo Lucero to third
Batting: SHB Ryu Kichida 0-0: Called Strike
0-1: Ball
1-1: Foul Ball, location: 2F
1-2: Fly out, F6 (Popup, 6D)
Batting: SHB Vicente Martínez 0-0: Intentional Walk
Batting: RHB Jeff Thompson 0-0: DOUBLE (Line Drive, 7LM)
Pablo Lucero scores
Sean Carr scores
Vicente Martínez to third
Batting: LHB Salvador Ruíz 0-0: Ball
1-0: Called Strike
1-1: Fly out, F8 (Flyball, 8LM)
Batting: RHB Lorenzo Morín 0-0: Foul Ball, location: 2F
0-1: Ball
1-1: Fly out, F6 (Popup, 6)
Top of the 8th over - 2 run(s), 2 hit(s), 0 error(s), 2 left on base; Gresham 10 - Redwood City 4
BOTTOM OF THE 8TH
Redwood City Redwoods batting - Pitching for Gresham Gold Souls : RHP John Bowden
Batting: LHB Tony Warrilow 0-0: Called Strike
0-1: Ball
1-1: Swinging Strike
1-2: Ground out U3 (Groundball, 3L)
Batting: RHB Anastasio García 0-0: Ball
1-0: Called Strike
1-1: Swinging Strike
1-2: Ball
2-2: Ball
3-2: Fly out, F7 (Flyball, 7M)
Batting: RHB Dan Martin 0-0: Called Strike
0-1: Foul Ball, location: 2F
0-2: Ball
1-2: Ball
2-2: Ball
3-2: Strikes out swinging
Bottom of the 8th over - 0 run(s), 0 hit(s), 0 error(s), 0 left on base; Gresham 10 - Redwood City 4
TOP OF THE 9TH
Gresham Gold Souls batting - Pitching for Redwood City Redwoods : RHP Jim Williams
Batting: RHB Lorenzo Guzmán 0-0: Swinging Strike
0-1: Ball
1-1: Foul Ball, location: 2F
1-2: Foul Ball, location: 2F
1-2: Ball
2-2: Strikes out swinging
Batting: RHB Claudio Guerra 0-0: Foul Ball, location: 2F
0-1: Ball
1-1: Ball
2-1: SOLO HOME RUN (Flyball, 7D), Distance : 354 ft
Batting: RHB Pablo Lucero 0-0: Fly out, F4 (Popup, 4M)
Batting: SHB Sean Carr 0-0: Foul Ball, location: 2F
0-1: Called Strike
0-2: Ball
1-2: Ball
2-2: Ball
3-2: Strikes out looking
Top of the 9th over - 1 run(s), 1 hit(s), 0 error(s), 0 left on base; Gresham 11 - Redwood City 4
BOTTOM OF THE 9TH
Redwood City Redwoods batting - Pitching for Gresham Gold Souls : RHP John Bowden
Now at C: Luke McIndoe
Batting: LHB Héctor Flores 0-0: Swinging Strike
0-1: Ball
1-1: Called Strike
1-2: Ball
2-2: Foul Ball, location: 2F
2-2: Foul Ball, location: 2F
2-2: Foul Ball, location: 2F
2-2: Strikes out swinging
Batting: LHB Alfonso Montoya 0-0: Foul Ball, location: 2F
0-1: Foul Ball, location: 2F
0-2: Ball
1-2: Ball
2-2: Ball
3-2: Foul Ball, location: 2F
3-2: Fly out, F7 (Flyball, 7LM)
Batting: LHB Juan Hernández 0-0: Called Strike
0-1: Fly out, F8 (Flyball, 8LXD)
Bottom of the 9th over - 0 run(s), 0 hit(s), 0 error(s), 0 left on base; Gresham 11 - Redwood City 4
This league is powered by Out of the Park Baseball, the baseball management simulation game for PC, Mac and Linux
Saturday, April 9th, 2016 - OOTP Baseball 16.8 Build 38